 Dungeon Crawl Stone Soup version 0.18-a0-1014-g3bbf375 (webtiles) character file.

2952 kae the Fencer (level 9, -1/70 HPs)
             Began as a Minotaur Fighter on Jan 6, 2016.
             Killed by divine providence
             ... invoked by an orc priest
              (12 damage)
             ... on level 7 of the Dungeon.
             The game lasted 00:07:26 (6965 turns).

kae the Fencer (Minotaur Fighter)                   Turns: 6965, Time: 00:07:26

Health: -1/70      AC: 11    Str: 20    XL:     9   Next: 52%
Magic:  0/8        EV:  7    Int:  7    God:
Gold:   391        SH:  9    Dex: 12    Spells: 0 memorised, 8 levels left

rFire  . . .     SeeInvis .     a - +1 long sword
rCold  . . .     Gourm    .     b - +0 scale mail
rNeg   . . .     Faith    .     c - +0 shield
rPois  .         Spirit   +     (helmet restricted)
rElec  .         Dismiss  .     w - +0 cloak
rCorr  .         Reflect  .     p - +1 pair of gloves
SustAt .         Harm     .     D - +0 pair of boots
MR     .....                    k - amulet of guardian spirit
Stlth  ..........               (no ring)
                                u - ring of flight

@: not resistant to hostile enchantments, extremely unstealthy
A: retaliatory headbutt, horns 2
a: Evoke Flight


You were on level 7 of the Dungeon.
You were not hungry.

You visited 1 branch of the dungeon, and saw 7 of its levels.

You collected 391 gold pieces.

Inventory:

Hand Weapons
 a - a +1 long sword (weapon)
Armour
 b - a +0 scale mail (worn)
 c - a +0 shield (worn)
 p - a +1 pair of gloves (worn)
 w - a +0 cloak (worn)
 D - a +0 pair of boots (worn)
 F - a +0 shield
Jewellery
 k - an amulet of guardian spirit (around neck)
 u - a ring of flight (left hand)
Wands
 d - a wand of fireball (6/15)
 o - a wand of enslavement (9/24)
 v - a wand of digging (15/24)
 y - a wand of paralysis (4/24)
Scrolls
 e - 6 scrolls of identify
 q - a scroll of teleportation
 r - 2 scrolls of enchant armour
 s - a scroll of enchant weapon
 t - a scroll of remove curse
 x - a scroll of torment {unknown}
 B - a scroll of noise {unknown}
 E - 3 scrolls of recharging {unknown}
Potions
 h - 3 potions of curing
 j - a potion of agility
 z - 2 potions of cancellation
Books
 l - a book of Callings

   Spells                             Type                      Level
   a - Summon Small Mammal            Summoning                    1
   b - Call Imp                       Summoning                    2
   c - Call Canine Familiar           Summoning                    3
   d - Summon Guardian Golem          Hexes/Summoning              3
   e - Summon Lightning Spire         Summoning/Air                4
   f - Summon Ice Beast               Ice/Summoning                4
 A - the Disquisition on Shifting Execration
   (You found it on level 6 of the Dungeon)

   Spells                             Type                      Level
   a - Beastly Appendage              Transmutation                1
   b - Slow                           Hexes                        2
   c - Dazzling Spray                 Conjuration/Hexes            3
   d - Gell's Gravitas                Hexes/Translocation          3
   e - Blade Hands                    Transmutation                5
   f - Mass Confusion                 Hexes                        6
Comestibles
 f - 6 bread rations
 g - a slice of pizza
 i - a meat ration
 m - 23 fruits
 n - 2 beef jerkies
 C - 4 chunks of flesh


   Skills:
 - Level 3.6 Fighting
 + Level 15.0 Long Blades
 - Level 3.6 Armour
 - Level 3.6 Shields


You had 8 spell levels left.
You didn't know any spells.

Dungeon Overview and Level Annotations

Branches:
Dungeon (7/15)             Temple (0/1) D:7

Altars:
Cheibriados
Fedhas
Okawaru


Innate Abilities, Weirdness & Mutations

You reflexively headbutt those who attack you in melee.
You have a pair of horns on your head.


Message History

You start resting.
The orc wizard shouts!
You see here a hippogriff corpse.
You butcher the hippogriff corpse.
Things that are here:
4 chunks of flesh; a hippogriff skeleton Unknown command.
C - 4 chunks of flesh The orc priest shouts!
The orc priest shouts!
You slash the orc wizard!
You kill the orc wizard!
The orc priest invokes the aid of Beogh against you.
Something smites you!
* * * LOW HITPOINT WARNING * * *
You open the door. You block the orc priest's attack.
The orc priest invokes the aid of Beogh against you.
Something smites you!
You die...

........####.........
...........########..
...........# #(.
...........########(.
...o.....+.........
#o.....#####.)...
#......# #.....
##o.....# ###.....
#@).....# #.......
##......# #..#####
#รท.....# #..#. .
#......# #..#.>.#
######## #..#=...
#..##### #.......
#....... #.......


You could see 3 orc priests.

Vanquished Creatures
  The ghost of Chiseanne the Magician, a novice DsWz (D:6)
  A hippogriff (D:7)
  Menkaure (D:7)
  Duvessa (D:5)
  An orc warrior (D:4)
  2 phantoms
  4 ogres
  4 centaurs
  2 giant frogs
  Dowan (D:5)
  3 scorpions (D:6)
  3 crimson imps
  3 orc wizards
  2 jellies
  A centaur skeleton (D:4)
  3 giant frog skeletons
  3 orc priests
  Crazy Yiuf (D:4)
  3 iguanas
  7 worker ants
  A worker ant zombie (D:6)
  7 gnolls
  9 adders
  An ooze (D:1)
  2 worms
  3 giant geckos
  17 orcs
  A ball python (D:2)
  6 bats
  3 giant cockroaches
  3 goblins (D:1)
  8 hobgoblins
  5 jackals
  5 kobolds
  4 quokkas
  4 giant newts
  A jackal skeleton (D:5)
  2 quokka skeletons (D:5)
  A quokka zombie (D:6)
  6 rats
136 creatures vanquished.

Notes
Turn   | Place    | Note
--------------------------------------------------------------
     0 | D:1      | kae the Minotaur Fighter began the quest for the Orb.
     0 | D:1      | Reached XP level 1. HP: 19/19 MP: 0/0
    82 | D:1      | Reached XP level 2. HP: 26/26 MP: 1/1
   224 | D:1      | Reached skill level 4 in Long Blades
   878 | D:2      | Reached XP level 3. HP: 31/31 MP: 2/2
  1109 | D:2      | Reached skill level 5 in Long Blades
  1442 | D:2      | Reached XP level 4. HP: 39/39 MP: 3/3
  1929 | D:3      | Reached skill level 6 in Long Blades
  2186 | D:3      | Found an iron altar of Okawaru.
  2528 | D:4      | Reached XP level 5. HP: 45/45 MP: 4/4
  2560 | D:4      | Reached skill level 7 in Long Blades
  2707 | D:4      | You fall through a shaft for 2 floors!
  2751 | D:6      | Noticed Chiseanne's ghost (novice DsWz)
  2755 | D:6      | Reached XP level 6. HP: 51/51 MP: 5/5
  2761 | D:6      | Killed Chiseanne's ghost
  2761 | D:6      | Reached skill level 9 in Long Blades
  2761 | D:6      | Reached XP level 7. HP: 53/57 MP: 6/6
  2810 | D:6      | Reached skill level 10 in Long Blades
  2833 | D:5      | Entered Level 5 of the Dungeon
  2833 | D:5      | Found a blossoming altar of Fedhas.
  3305 | D:4      | Reached skill level 11 in Long Blades
  3595 | D:4      | Reached XP level 8. HP: 58/64 MP: 7/7
  3644 | D:4      | Noticed Crazy Yiuf
  3647 | D:4      | Killed Crazy Yiuf
  4161 | D:4      | Reached skill level 12 in Long Blades
  4304 | D:5      | Noticed Dowan
  4307 | D:5      | Noticed Duvessa
  4311 | D:5      | Killed Dowan
  4323 | D:5      | Killed Duvessa
  4522 | D:5      | Found a snail-covered altar of Cheibriados.
  4730 | D:5      | Reached skill level 13 in Long Blades
  5371 | D:6      | Identified the Disquisition on Shifting Execration
  5422 | D:6      | Reached XP level 9. HP: 70/70 MP: 8/8
  5910 | D:7      | Noticed Menkaure
  6055 | D:6      | Reached skill level 14 in Long Blades
  6411 | D:7      | Killed Menkaure
  6687 | D:7      | Found a staircase to the Ecumenical Temple.
  6929 | D:7      | Reached skill level 15 in Long Blades
  6965 | D:7      | Killed from afar by an orc priest

Vault maps used:
D:1:      dpeg_arrival_tiny_a, minmay_door_square, minmay_statues_item
D:2:      kennysheep_six_static_rooms, first_bread
D:3:      serial_bayou_lagoon_a, nrook_mini_vaults, minivault_5, dk_vineyard_3,
          minmay_misc_feat_cross, okawaru_metal_pillars_3
D:4:      guppyfry_early_orc_mine, uniq_crazy_yiuf_cottage
D:5:      basic_altar, fedhas_bush_and_centaur_altar, uniq_duvessa
D:7:      minitemple, minmay_temple_entry_from_below_a, uniq_menkaure

Action                   |  1- 3 |  4- 6 |  7- 9 || total
-------------------------+-------+-------+-------++-------
Melee: Long sword        |    67 |   103 |   318 ||   488
  Use: Scroll            |       |     5 |     9 ||    14
       Potion            |       |     1 |     1 ||     2
  Eat: Chunk             |     1 |     5 |    13 ||    19
